 Dungeon Crawl Stone Soup version 0.16-a0-3187-geb38783 (webtiles) character file.

9009 PolkaDot the Summoner (level 11, -5/75 HPs)
             Began as a Vampire Summoner on Dec 17, 2014.
             Was a Priest of Sif Muna.
             Killed by divine providence
             ... invoked by an orc priest
              (14 damage)
             ... on level 11 of the Dungeon.
             The game lasted 00:56:29 (12995 turns).

PolkaDot the Summoner (Vampire Summoner)           Turns: 12995, Time: 00:56:29

Health: -5/75      AC: 10    Str:  7    XL:     11   Next: 17%
Magic:  0/17       EV: 17    Int: 20    God:    Sif Muna [***...]
Gold:   177        SH:  0    Dex: 14    Spells: 4 memorised, 1 level left

rFire  . . .     SeeInvis +     b - -2 quarterstaff (curse)
rCold  . . .     Clarity  .     j - +2 robe {MR+} (curse)
rNeg   . . .     SustAb   .     (no shield)
rPois  +         Gourm    .     c - +0 helmet
rElec  .         Spirit   .     m - +2 cloak
rCorr  .         Warding  .     h - +0 pair of gloves
rMut   .         Stasis   .     n - +0 pair of boots
MR     ++...                    (no amulet)
Stlth  ++........               f - ring of poison resistance
                                I - ring of wizardry

@: very slightly contaminated, regenerating very quickly, very resistant to
hostile enchantments, unstealthy
A: bottle blood, fangs 3, see invisible, unbreathing
a: Channel Energy, Forget Spell, Renounce Religion


You were on level 11 of the Dungeon.
You worshipped Sif Muna.
Sif Muna was most pleased with you.
You were almost alive.

You visited 1 branch of the dungeon, and saw 11 of its levels.

You collected 477 gold pieces.
You spent 300 gold pieces at shops.

Inventory:

Hand weapons
 b - a cursed -2 quarterstaff (weapon)
Missiles
 D - 3 throwing nets (quivered)
Armour
 c - a +0 helmet (worn)
 h - a +0 pair of gloves (worn)
 j - a cursed +2 robe of magic resistance (worn)
 m - a +2 cloak (worn)
 n - a +0 pair of boots (worn)
Magical staves
 a - an uncursed staff of wizardry
Jewellery
 f - a ring of poison resistance (right hand)
 I - a ring of wizardry (left hand)
Magical devices
 p - a wand of flame (3)
 t - a wand of digging (12)
 u - a wand of random effects (20)
 v - a wand of polymorph (0)
 z - a wand of frost (16)
 A - a wand of fire (0)
Scrolls
 d - 2 scrolls of teleportation
 e - 4 scrolls of enchant armour
 i - 2 scrolls of immolation
 o - 3 scrolls of recharging
 q - a scroll of amnesia
 r - 5 scrolls of magic mapping
 w - a scroll of blinking
 y - a scroll of brand weapon
 B - a scroll of enchant weapon
 C - a scroll of torment {unknown}
 F - a scroll of remove curse
 G - a scroll of identify
 H - a scroll of silence {unknown}
Potions
 g - 3 potions of blood {@*1}
 k - 2 potions of brilliance
 x - a potion of curing
 E - 2 potions of restore abilities
Books
 l - a book of Callings

   Spells                             Type                      Level
   a - Summon Small Mammal            Summoning                    1
   b - Call Imp                       Summoning                    2
   c - Call Canine Familiar           Summoning                    3
   d - Summon Guardian Golem          Hexes/Summoning              4
   e - Summon Lightning Spire         Summoning/Air                4
   f - Summon Ice Beast               Ice/Summoning                4


   Skills:
 - Level 3.0 Fighting
   Level 5.0(5.8) Short Blades
   Level 4.2(5.2) Long Blades
 * Level 7.0 Staves
 + Level 8.1 Dodging
 - Level 3.0 Stealth
 - Level 2.0 Spellcasting
 - Level 5.0 Hexes
 + Level 9.7 Summonings
 - Level 6.0 Ice Magic


You had one spell level left.
You knew the following spells:

 Your Spells              Type           Power        Failure   Level  Hunger
d - Call Canine Familiar  Summ           #####...     1%          3    ###....
g - Summon Guardian Gole  Hex/Summ       ####....     4%          4    #####..
i - Summon Ice Beast      Ice/Summ       ####....     4%          4    #####..
s - Call Imp              Summ           #####...     1%          2    ##.....


Dungeon Overview and Level Annotations

Branches:
Dungeon (11/15)            Temple (0/1) D:6
   Lair: D:8-11         Orc: D:9-12

Altars:
Ashenzari
Dithmenos
Elyvilon
Gozag
Kikubaaqudgha
Makhleb
Qazlal
Sif Muna
Trog
Vehumet
Xom
Yredelemnul
Zin
The Shining One

Shops:
D:9 *   D:10 *


Innate Abilities, Weirdness & Mutations

Your natural rate of healing is extremely fast.
You can bottle blood from corpses.
You have razor-sharp teeth.
You have supernaturally acute eyesight.
You can survive without breathing.


Message History

The orc hits your wolf with a club.
Drink which item? (? for menu, Esc to quit)
Yummy - fresh blood!
Your wolf bites the orc but does no damage.
The orc priest becomes somewhat translucent.
The orc closely misses your wolf.
Your wolf bites the orc!
The orc dies!
Drink which item? (? for menu, Esc to quit)
Yummy - fresh blood!
The orc barely misses your wolf.
Use which ability? (? or * to list)
You channel some magical energy.
You feel somewhat less full.
Your wolf disappears in a puff of smoke!
Your ice beast hits the orc.
Your ice beast freezes the orc!
The orc dies!
Casting: Summon Ice Beast
Confirm with . or Enter, or press ? or * to list all spells.
* * * LOW MAGIC WARNING * * *
The orc priest invokes the aid of Beogh against you.
Something smites you!
You die...

### >(. ###### ...
.....# ... #.....
#.# #.##.#.## #.#
#.##.#... #.#
#.##.####
##.#######....####
#@hY§o.oo.........
#.Y###o###o...##..
#..# #÷# #.#.###.#
#..# #÷# #........
#..###.# ###o#....
#......# #o.....
#.####.# #o#....
#.# #.# #o#..<.
#.# #.# #.#.#.#


You could see an orc warrior, an orc priest, 2 orcs, 2 friendly ice beasts and a
friendly wolf.

Vanquished Creatures
  Maurice (D:9)
  A wraith (D:11)
  6 yaks
  3 hippogriffs
  A wyvern (D:9)
  A hungry ghost (D:11)
  A warg (D:11)
  An orc warrior (D:6)
  2 sky beasts
  2 ogres
  A necrophage (D:6)
  A black bear (D:6)
  A slave (D:7)
  2 centaurs
  Blork the orc (D:7)
  A wyvern zombie (D:9)
  4 scorpions
  2 wights (D:9)
  A centaur zombie (D:6)
  A giant frog zombie (D:8)
  A jelly (D:7)
  2 goliath beetles
  3 crimson imps
  4 hounds
  2 orc priests
  A giant frog skeleton (D:4)
  5 iguanas
  7 orc wizards
  7 worker ants
  Ijyb (D:2)
  Jessica (D:3)
  A hound skeleton (D:8)
  A worker ant zombie (D:8)
  10 adders
  5 gnolls
  2 worms
  2 adder skeletons (D:5)
  6 giant geckos
  An ooze (D:3)
  26 orcs
  13 bats
  A bat skeleton (D:4)
  8 giant cockroaches
  17 hobgoblins
  13 jackals
  18 kobolds
  4 quokkas
  A ball python (D:3)
  2 giant gecko skeletons
  4 giant newts
  A giant spore (D:8)
  21 goblins
  A jackal skeleton (D:4)
  A quokka zombie (D:5)
  18 rats
  A spectral orc (D:9)
  2 ballistomycetes (D:8)
248 creatures vanquished.

Vanquished Creatures (collateral kills)
  Fannar (D:11)
  An unseen horror (D:11)
  Erolcha (D:8)
  A wizard (D:9)
  Pikel (D:7)
  Joseph (D:7)
  A gargoyle (D:11)
  Prince Ribbit (D:7)
  15 yaks
  A hungry ghost (D:8)
  Edmund (D:8)
  Menkaure (D:7)
  A warg (D:11)
  5 orc warriors
  2 black bears (D:9)
  3 slaves (D:7)
  A sky beast (D:8)
  2 ice beasts
  2 phantoms (D:5)
  6 centaurs
  2 ogres
  A giant frog (D:9)
  Sigmund (D:3)
  Duvessa (D:8)
  2 gnoll sergeants (D:9)
  A jelly (D:7)
  A scorpion (D:7)
  4 killer bees (D:9)
  A wight (D:9)
  Dowan (D:8)
  A quasit (D:9)
  4 crimson imps
  2 hounds
  A giant frog zombie (D:9)
  2 orc priests
  An orc wizard (D:4)
  A centaur skeleton (D:4)
  2 iguanas (D:8)
  2 worker ants
  A hound zombie (D:5)
  Terence (D:2)
  Robin (D:2)
  3 adders
  20 gnolls
  2 shadow imps
  A worm (D:2)
  2 giant geckos (D:9)
  7 orcs
  3 giant cockroaches
  6 goblins
  5 hobgoblins
  A bat (D:9)
  A giant gecko zombie (D:8)
  2 kobolds
  A quokka (D:7)
  A rat (D:1)
  2 ballistomycetes (D:8)
139 creatures vanquished.

Vanquished Creatures (others)
  2 guardian golems (D:11)
  7 wolves
  27 ice beasts
  A porcupine (D:8)
  3 crimson imps
  22 hounds
  3 white imps
  2 bats
  A quokka (D:5)
  2 giant spores
  5 rats
75 creatures vanquished.

Grand Total: 462 creatures vanquished

Notes
Turn   | Place    | Note
--------------------------------------------------------------
     0 | D:1      | PolkaDot, the Vampire Summoner, began the quest for the Orb.
     0 | D:1      | Reached XP level 1. HP: 13/13 MP: 3/3
   311 | D:1      | Reached skill level 1 in Fighting
   531 | D:1      | Reached XP level 2. HP: 18/21 MP: 4/4
   535 | D:1      | Learned a level 2 spell: Call Imp
   728 | D:1      | Reached skill level 1 in Short Blades
  1239 | D:2      | Reached XP level 3. HP: 18/26 MP: 6/6
  1559 | D:2      | Noticed Robin
  1603 | D:2      | Killed Robin
  1669 | D:2      | Found a stormy altar of Qazlal.
  1865 | D:2      | Noticed Terence
  1879 | D:2      | Reached XP level 4. HP: 8/32 MP: 0/7
  1879 | D:2      | Killed Terence
  2079 | D:2      | Noticed Ijyb
  2109 | D:2      | Killed Ijyb
  2382 | D:2      | Learned a level 3 spell: Call Canine Familiar
  2733 | D:3      | Found a glowing silver altar of Zin.
  2788 | D:3      | Noticed Jessica
  2803 | D:3      | Killed Jessica
  2803 | D:3      | Reached skill level 5 in Short Blades
  2803 | D:3      | Reached XP level 5. HP: 34/37 MP: 9/9
  2876 | D:3      | Noticed Sigmund
  2904 | D:3      | Killed Sigmund
  2959 | D:3      | Found a glowing golden altar of the Shining One.
  3414 | D:3      | Found a burning altar of Makhleb.
  3431 | D:3      | Reached XP level 6. HP: 41/46 MP: 0/10
  3838 | D:4      | Found a deep blue altar of Sif Muna.
  3875 | D:4      | Became a worshipper of Sif Muna the Loreminder
  4143 | D:4      | Reached skill level 5 in Summonings
  4403 | D:4      | Reached XP level 7. HP: 49/52 MP: 12/12
  4409 | D:4      | Learned a level 4 spell: Summon Ice Beast
  4429 | D:4      | Found a white marble altar of Elyvilon.
  4432 | D:4      | Reached skill level 1 in Ice Magic
  4723 | D:5      | Entered Level 5 of the Dungeon
  4792 | D:4      | Lost strength.
  5090 | D:4      | Identified Sif Muna's Compendium of Illusion
  5154 | D:5      | Acquired Sif Muna's first power
  5984 | D:5      | Reached skill level 1 in Long Blades
  5984 | D:5      | Reached XP level 8. HP: 47/58 MP: 11/13
  5988 | D:5      | Found an opulent altar of Gozag.
  5988 | D:5      | Found a bloodstained altar of Trog.
  6099 | D:6      | Reached skill level 5 in Ice Magic
  6342 | D:6      | Reached skill level 6 in Ice Magic
  6343 | D:6      | Acquired Sif Muna's second power
  6348 | D:6      | Found a staircase to the Ecumenical Temple.
  7010 | D:7      | Reached skill level 5 in Dodging
  7207 | D:7      | Found a shimmering altar of Xom.
  7323 | D:7      | Noticed Pikel
  7338 | D:7      | Killed Pikel
  7338 | D:7      | Reached XP level 9. HP: 27/63 MP: 9/14
  7383 | D:7      | Noticed Prince Ribbit
  7411 | D:7      | Killed Prince Ribbit
  7499 | D:7      | Reached skill level 7 in Summonings
  7537 | D:7      | Noticed Blork the orc
  7553 | D:7      | Killed Blork the orc
  7692 | D:7      | Noticed Menkaure
  7706 | D:7      | Killed Menkaure
  7707 | D:7      | Noticed Joseph
  7730 | D:7      | Killed Joseph
  7970 | D:7      | Found a shadowy altar of Dithmenos.
  8307 | D:8      | Reached skill level 1 in Staves
  8540 | D:8      | Found a shattered altar of Ashenzari.
  8751 | D:8      | Noticed Erolcha
  8768 | D:8      | Killed Erolcha
  8768 | D:8      | Reached skill level 8 in Summonings
  9306 | D:8      | Noticed Edmund
  9315 | D:8      | Killed Edmund
  9380 | D:8      | Noticed Duvessa
  9380 | D:8      | Noticed Dowan
  9387 | D:8      | Killed Duvessa
  9411 | D:8      | Killed Dowan
  9738 | D:9      | Reached XP level 10. HP: 26/70 MP: 3/16
  9833 | D:9      | Learned a level 4 spell: Summon Guardian Golem
  9862 | D:9      | Reached skill level 1 in Hexes
 10043 | D:9      | Found Amewi's General Store.
 10174 | D:9      | Bought a scroll of brand weapon for 300 gold pieces
 10224 | D:9      | Noticed Maurice
 10240 | D:9      | Killed Maurice
 10251 | D:9      | Noticed a wizard
 10263 | D:9      | Killed a wizard
 10263 | D:9      | Reached skill level 5 in Staves
 10273 | D:9      | Identified the Papyrus of Confrontation
 10368 | D:9      | Reached skill level 9 in Summonings
 10572 | D:9      | Found an ancient bone altar of Kikubaaqudgha.
 10772 | D:9      | Found a radiant altar of Vehumet.
 10829 | D:9      | Found a basalt altar of Yredelemnul.
 11078 | D:10     | Entered Level 10 of the Dungeon
 11243 | D:10     | Found a burning altar of Makhleb.
 11896 | D:10     | Found Hanapputoa's General Store.
 12073 | D:11     | Reached skill level 5 in Hexes
 12118 | D:11     | Noticed Fannar
 12167 | D:11     | Killed Fannar
 12299 | D:11     | Noticed an unseen horror
 12344 | D:11     | Killed an unseen horror
 12344 | D:11     | Reached XP level 11. HP: 49/75 MP: 8/17
 12482 | D:11     | HP: 2/75 [centaur (10)]
 12995 | D:11     | Killed from afar by an orc priest

Action                   |  1- 3 |  4- 6 |  7- 9 | 10-12 || total
-------------------------+-------+-------+-------+-------++-------
Melee: Unarmed           |    21 |       |    12 |       ||    33
       Short sword       |   109 |       |       |       ||   109
       Dagger            |    15 |   296 |   120 |       ||   431
       Falchion          |       |       |   259 |       ||   259
       Staff             |       |       |   123 |       ||   123
       Quarterstaff      |       |       |    69 |   349 ||   418
 Cast: Summon Small Mamm |     7 |     4 |     6 |       ||    17
       Call Imp          |    11 |    16 |    24 |    10 ||    61
       Call Canine Famil |       |     3 |    27 |    28 ||    58
       Summon Ice Beast  |       |       |    45 |    62 ||   107
       Summon Guardian G |       |       |       |     2 ||     2
Invok: Channel Energy    |       |       |    72 |   121 ||   193
 Abil: End Transformatio |       |       |     2 |       ||     2
       Bat Form          |       |       |     2 |       ||     2
Evoke: Wand              |       |     5 |       |     8 ||    13
  Use: Potion            |     4 |    15 |    66 |    57 ||   142
       Scroll            |     6 |     1 |     6 |     9 ||    22
 Stab: Sleeping          |     6 |     6 |    22 |     2 ||    36
       Distracted        |       |     2 |     4 |     3 ||     9
  Eat: Corpse            |    11 |       |       |       ||    11
